 Dungeon Crawl Stone Soup version 0.19-a0-627-g7ac35de (webtiles) character file.

60 Ordine the Magician (level 3, -1/19 HPs)
             Began as a Deep Elf Wizard on June 13, 2016.
             Slain by a hobgoblin (5 damage)
             ... led by Robin
             ... on level 2 of the Dungeon.
             The game lasted 00:05:14 (1283 turns).

Ordine the Magician (Deep Elf Wizard)               Turns: 1283, Time: 00:05:15

Health: -1/19      AC:  3    Str:  4    XL:     3   Next: 82%
Magic:  0/12       EV: 13    Int: 23    God:
Gold:   72         SH:  0    Dex: 13    Spells: 5 memorised, 2 levels left

rFire  . . .     SeeInvis .     k - +1 dagger (venom)
rCold  . . .     Gourm    .     j - +1 robe
rNeg   . . .     Faith    .     (no shield)
rPois  .         Spirit   .     b - +0 hat
rElec  .         Dismiss  .     (no cloak)
rCorr  .         Reflect  .     (no gloves)
SustAt .         Harm     .     (no boots)
MR     .....                    l - amulet of regeneration
Stlth  ++........               (no ring)
                                (no ring)

@: repel missiles, not resistant to hostile enchantments, unstealthy
A: no striking features
a: no special abilities


You were on level 2 of the Dungeon.
You were not hungry.

You visited 1 branch of the dungeon, and saw 2 of its levels.

You collected 72 gold pieces.

Inventory:

Hand Weapons
 k - a +1 dagger of venom (weapon)
Armour
 b - a +0 hat (worn)
 j - a +1 robe (worn)
Jewellery
 l - an amulet of regeneration (around neck)
Scrolls
 a - a scroll of teleportation
 o - 3 scrolls of remove curse
Potions
 e - 2 potions of curing
 h - a potion of degeneration {unknown}
 n - a potion of ambrosia {unknown}
Books
 c - a book of Minor Magic

   Spells                             Type                      Level
   a - Magic Dart                     Conjuration                  1
   b - Blink                          Translocation                2
   c - Call Imp                       Summoning                    2
   d - Repel Missiles                 Charms/Air                   2
   e - Slow                           Hexes                        2
   f - Conjure Flame                  Conjuration/Fire             3
   g - Mephitic Cloud                 Conjuration/Poison/Air       3
Comestibles
 d - 2 bread rations
 f - 3 meat rations
 g - 3 slices of pizza
 i - 3 fruits


   Skills:
 - Level 2.4 Dodging
 - Level 2.4 Stealth
 * Level 5.6 Spellcasting
 + Level 2.5 Conjurations
   Level 1.1 Summonings
 + Level 1.8 Translocations


You had 2 spell levels left.
You knew the following spells:

 Your Spells              Type           Power        Failure   Level  Hunger
a - Magic Dart            Conj           ###.         3%          1    None
b - Blink                 Tloc           N/A          10%         2    None
c - Conjure Flame         Conj/Fire      ##......     17%         3    ##.....
d - Mephitic Cloud        Conj/Pois/Air  ##......     21%         3    ##.....
i - Repel Missiles        Chrm/Air       #.....       17%         2    None


Dungeon Overview and Level Annotations

Branches:
Dungeon (2/15)

Altars:
Gozag
Yredelemnul

Annotations:
D:2 Sigmund


Message History

You hit the hobgoblin but do no damage.
The hobgoblin looks even sicker.
The hobgoblin is almost dead.
You kill the hobgoblin!
The goblin barely misses you.
The hobgoblin no longer looks unusually strong.
You hit the goblin.
The goblin is poisoned.
The goblin is moderately wounded.
The goblin hits you but does no damage.
Casting: Magic Dart
Confirm with . or Enter, or press ? or * to list all spells.
Aiming: Magic Dart
Press: ? - help, Shift-Dir - straight line, f - goblin
Aim: a goblin, wielding a club (severely wounded, poisoned)
The magic dart hits the goblin.
You kill the goblin!
You hit the hobgoblin but do no damage. Something hits you.
You barely miss the hobgoblin. Something hits you!
* * * LOW HITPOINT WARNING * * *
The hobgoblin hits you.
You die...

).. ...###)..## ##.._.........
##)## #..##>....####....#..#..##
...g. #..#............#.#..#..#.
......#..##.....####....#..#....
......#..###...## #.####..#.##.
.._...).)wg†.{g# #.# #..(..#.
......#)######)#####.# #..(....
..... #.### #.g..##.# #.....#.
.... #...# #.@#.)..####......<
##. #.#.# #......<....)##.### ..
...#.# ###.########.##.# #
#.####.######.# #.##.#
#.............# #.##.#
#############.# #.##.# #.#
#>##.# #.# #.##.# #.# #.##.###


You could see 2 hobgoblins.

Vanquished Creatures
  Robin (D:2)
  2 adders (D:2)
  A worm (D:2)
  A giant gecko (D:1)
  9 goblins
  3 hobgoblins (D:2)
  4 kobolds
  2 bats (D:1)
  7 rats
30 creatures vanquished.

Notes
Turn   | Place    | Note
--------------------------------------------------------------
     0 | D:1      | Ordine the Deep Elf Wizard began the quest for the Orb.
     0 | D:1      | Reached XP level 1. HP: 10/10 MP: 7/7
   512 | D:1      | Reached XP level 2. HP: 15/15 MP: 6/9
   524 | D:1      | Learned a level 2 spell: Blink
   703 | D:2      | Found an opulent altar of Gozag.
   836 | D:2      | Found a basalt altar of Yredelemnul.
   935 | D:2      | Reached skill level 5 in Spellcasting
   986 | D:2      | Reached XP level 3. HP: 19/19 MP: 3/11
   991 | D:2      | Learned a level 3 spell: Conjure Flame
   995 | D:2      | Learned a level 3 spell: Mephitic Cloud
  1019 | D:2      | Learned a level 2 spell: Repel Missiles
  1250 | D:2      | Noticed Robin
  1258 | D:2      | Noticed Sigmund
  1262 | D:2      | Killed Robin
  1283 | D:2      | Slain by a hobgoblin

Vault maps used:
D:1:      saegor_arrival_simple_d
D:2:      old_standard_altar, first_bread, nicolae_gozag_seed_capital,
          uniq_sigmund, uniq_robin

Skill      XL: |  1  2 |
---------------+-------+-----
Conjurations   | 2 |  2.5
Spellcasting   | 5 |  5.6
Dodging        | |  2.4
Stealth        | |  2.4
Summonings     | |  1.1
Translocations | |  1.8

Action                   || total
-------------------------++-------
Melee: Dagger            ||    19
 Cast: Magic Dart        ||    66
       Conjure Flame     ||     1
       Repel Missiles    ||     1
  Use: Scroll            ||     9
  Eat: Chunk             ||     1
Armor: Robe              ||     2
Dodge: Dodged            ||    15
